AoeStats
← hangover

Black Forest

510636708Analyzed
4v4 RM · 13h ago on Oct 1, 2026· 36m 55s· 8 players
Game mode
Random Map
Map size
Large (8 player)
Population
200
Speed
Normal
Resources
Standard
Victory
Conquest
Starting age
Dark Age
Ending age
Imperial Age
RankedLock teamsTeams togetherTeam positionsShared explorationLock speedFull tech treeHidden civsTurbo modeCheats
Victory
Defeat
🇹🇷 Turks · Türkiye
663
+11
🇹🇷 Chinese · Türkiye
613
+13
🇨🇱 Byzantines · Chile
595
+13
🇮🇳 Persians · India
523
+17
🇵🇪 Vietnamese · Peru
577
-15
🇧🇷 Persians · Brazil
558
-14
🇲🇽 Khmer · Mexico
545
-14
🇨🇦 Italians · Canada
469
-11
Porowy
0:32 Loom
10:51 Feudal Age
12:22 Wheelbarrow
11:35 Town Watch
15:48 Wheelbarrow
16:23 Double-Bit Axe
19:24 Horse Collar
25:01 Castle Age
36:26 Heavy Plow
Conqueeftador
13:46 Feudal Age
19:17 Double-Bit Axe
19:48 Gold Mining
19:49 Stone Mining
23:24 Castle Age
24:23 Forging
24:30 Horse Collar
24:56 Scale Mail Armor
27:10 Squires
26:32 Pikeman
31:47 Fletching
31:59 Padded Archer Armor
32:15 Chain Mail Armor
32:36 Iron Casting
33:00 Bow Saw
34:29 Heavy Plow
lula2026
0:28 Loom
15:06 Feudal Age
17:24 Town Watch
22:46 Castle Age
31:58 Double-Bit Axe
Althair
10:22 Feudal Age
10:53 Double-Bit Axe
11:12 Horse Collar
12:10 Town Watch
13:05 Wheelbarrow
14:49 Loom
20:58 Castle Age
20:49 Fishing Lines
22:08 Bow Saw
22:01 Heavy Plow
21:55 Gillnets
23:47 Hand Cart
31:10 Caravan
33:55 Imperial Age
31:30 Stone Mining
32:40 Stone Shaft Mining
33:05 Crossbowman
birtanonline
0:45 Loom
15:04 Feudal Age
15:30 Double-Bit Axe
15:56 Horse Collar
16:04 Town Watch
16:40 Stone Mining
17:30 Wheelbarrow
17:17 Gold Mining
24:19 Castle Age
25:18 Bow Saw
25:04 Fletching
25:15 Padded Archer Armor
26:14 Gold Shaft Mining
26:18 Town Patrol
26:36 Bodkin Arrow
27:19 Heavy Plow
28:02 Leather Archer Armor
29:27 Fortified Wall
30:11 Murder Holes
30:53 Hand Cart
31:46 Masonry
31:50 Treadmill Crane
32:47 Caravan
34:03 Ballistics
38:20 Imperial Age
v2_Snake
0:40 Loom
14:23 Feudal Age
16:26 Wheelbarrow
18:45 Double-Bit Axe
22:38 Stone Mining
22:41 Gold Mining
22:35 Horse Collar
28:07 Castle Age
30:03 Forging
29:59 Scale Barding Armor
32:02 Gold Shaft Mining
32:14 Stone Shaft Mining
32:13 Hand Cart
32:11 Bow Saw
32:03 Caravan
32:28 Heavy Plow
33:17 Fortified Wall
35:10 Masonry
Rey Escorpión
1:48 Loom
14:53 Feudal Age
23:30 Castle Age
23:35 Double-Bit Axe
24:29 Pikeman
24:34 Elite Skirmisher
25:40 Squires
26:15 Horse Collar
26:31 Gold Mining
27:47 Wheelbarrow
28:54 Stone Mining
31:01 Fletching
34:56 Imperial Age
33:26 Bodkin Arrow
34:29 Forging
36:37 Halberdier
37:24 Scale Mail Armor
38:05 Iron Casting
hangover
0:37 Loom
2:28 Loom
11:04 Feudal Age
11:37 Horse Collar
14:56 Double-Bit Axe
15:09 Gold Mining
15:12 Stone Mining
17:00 Town Watch
23:54 Castle Age
22:22 Man-at-Arms
24:37 Gambesons
24:53 Squires
24:38 Arson
31:58 Long Swordsman
32:00 Pikeman
32:54 Heavy Plow
Connection lost

Rejoining the realm…

Still unreachable

The connection could not be restored.

Session expired

The server has moved on; the page needs a fresh start.